Workbook

Sheet README
A1: 📘 SWPA Budget Estimator Workbook Instructions
A2: ⚠️ Important: - This workbook includes five sheets designed to streamline the budgeting process for awarding contracts under Statewide Price Agreement #40-00000-23-00037 — Riparian, Aquatic, and Wetland Restoration Services for NMED Surface Water Quality Bureau (SWQB) projects. - Follow the guidance below to ensure data populates correctly and reflects all project expenses.
A3: 🗂️ Workbook Structure:
A5: 1. Sheet 1: Budget Sheet
A6: - Manual data entry required, Primary data entry sheet for entering all project budget line items. - Detailed data entry notes and Additional Instructions section are provided in the sheet for proper data entry and guidance on travel, supplies, and NM Gross Receipts Tax (NMGRT) entries.
A8: 2. Sheet 2: Cost Summary By Category
A9: - No manual data entry required. - Automatically summarizes NMED Contributions, Cooperator’s Match, and Total Project Amount by category, based on entries from the Budget Sheet. - Review this sheet to verify that all category totals accurately reflect your project’s budget distribution.
A11: 3. Sheet 3: Rate Schedules
A12: - Manual data entry required. - Enter personnel rate information, such as Name of resources, indicate if the resource is a subcontractor, position title, hourly rates and Personnel Match Contribution.
A14: 4. Sheet 4: PA Items with Category (Reference Only)
A15: - Contains approved Price Agreement items with their corresponding defined categories. - Used to auto-populate the “Category” (Column C) in the Budget Sheet. - Do not modify this sheet, as it maintains the link between the PA items and the Budget Sheet automation.

Sheet Budget Sheet
A3: 📝 Data Entry Notes: NMED Contribution Entry 1. Primary sheet for entering project budget line items. 2. For PA Items: - Get the Price Agreement from https://www.generalservices.state.nm.us/state-purchasing/statewide-price-agreements/. - Enter the following - Main task name → (Column A), - Item/Service → Select from drop-down list in Column B - Category (Column C) → Auto-populates based on the selected PA item. If the auto-filled category does not accurately reflect your selected item, manually select the correct category in Column D, then Auto populated category will override accordingly. If the auto-populated category is correct, leave Column D blank. - Enter Quantity → (Column E), and Unit Rate → (Column F). 3. For non-PA items, use the rows labeled "Other" to enter the item description, and manually select the appropriate category in Column D from drop downs. Then enter Quantity → (Column E), and Unit Rate → (Column F). Cooperator's Match Contribution Entry 1. For match, select Match in Items/Services from drop down list in Column B, manually select the category for the match from Column D, then enter the Quantity → (Column E), and Unit Rate → (Column F). Other Entries 1. Manually enter the NM GRT rate in the respective cell under Rate,→ Column F and indicate the location in Column → B. 2. The Requested Funds from NMED (Column G) and Cooperator's Cash or In-Kind Match (Column H) and Total Project Amount (Column I) auto-calculate. 3. Delete unused rows. | G3: ⚠️Additional Instructions: 1. Travel: Estimate mileage, per diem, and other travel-related expenses for the entire project duration. 2. Materials/Supplies: Include material or supply expenses to be reimbursed at cost (markup not allowed). 3. Include any other expenses not captured elsewhere to be reimbursed. 4. Taxes: Include estimated Gross Receipts Taxes (GRT) for the project — multiple location rates may apply. Professional Services – Charged based on location where service was provided: - Out-of-State: Services performed entirely out-of-state but used in New Mexico are charged at the out-of-state rate (currently 4.875%). - In-State: Services provided by an in-state vendor use the vendor’s address with the Gross Receipts Location Code and Tax Rate Map: Governments to determine the correct rate. For example, if an NMED employee is in Santa Fe and the vendor performs services from Las Cruces, use the Las Cruces rate. - Hybrid: If services are performed in multiple locations, vendors should separate invoice line items by service location. For example, if a vendor has headquarters in California and regional offices in Las Cruces, and employees from multiple locations collaborate on a contract deliverable, each location should be recorded in this sheet separately. General Services (Construction & Transportation) – Charged based on location where the product of the service was delivered: - Out-of-State: Out-of-state vendors performing construction in New Mexico must apply the rate where the construction occurs. - In-State: In-state vendors performing construction in another city must apply the rate where the construction occurs.
A5: Task Name | B5: Items/Services | C5: Category-Auto-populated Entry | D5: Category-Manual Entry | E5: Quantity | F5: Unit Rate | G5: Requested Funds from NMED | H5: Cooperator's Cash or In-Kind Match | I5: Total Project Amount | J5: Entity (Organization name performing the services)
A6: Task 1 | B6: Item Number and Description | C6: =IF(D6<>"", D6, _xlfn.XLOOKUP(B6, 'PA Items with Category'!A:A, 'PA Items with Category'!B:B, "")) | G6: =IF(B6<>"match", E6*F6, "") -> 0 | H6: =IF(B6="match", E6*F6, "") | I6: =SUM('Budget Sheet'!$G6:'Budget Sheet'!$H6) -> 0
B7: Item Number and Description | C7: =IF(D7<>"", D7, _xlfn.XLOOKUP(B7, 'PA Items with Category'!A:A, 'PA Items with Category'!B:B, "")) | G7: =IF(B7<>"match", E7*F7, "") -> 0 | H7: =IF(B7="match", E7*F7, "") | I7: =SUM('Budget Sheet'!$G7:'Budget Sheet'!$H7) -> 0
B8: Item Number and Description | C8: =IF(D8<>"", D8, _xlfn.XLOOKUP(B8, 'PA Items with Category'!A:A, 'PA Items with Category'!B:B, "")) | G8: =IF(B8<>"match", E8*F8, "") -> 0 | H8: =IF(B8="match", E8*F8, "") | I8: =SUM('Budget Sheet'!$G8:'Budget Sheet'!$H8) -> 0
B9: Item Number and Description | C9: =IF(D9<>"", D9, _xlfn.XLOOKUP(B9, 'PA Items with Category'!A:A, 'PA Items with Category'!B:B, "")) | G9: =IF(B9<>"match", E9*F9, "") -> 0 | H9: =IF(B9="match", E9*F9, "") | I9: =SUM('Budget Sheet'!$G9:'Budget Sheet'!$H9) -> 0
B10: Item Number and Description | C10: =IF(D10<>"", D10, _xlfn.XLOOKUP(B10, 'PA Items with Category'!A:A, 'PA Items with Category'!B:B, "")) | G10: =IF(B10<>"match", E10*F10, "") -> 0 | H10: =IF(B10="match", E10*F10, "") | I10: =SUM('Budget Sheet'!$G10:'Budget Sheet'!$H10) -> 0
B11: Item Number and Description | C11: =IF(D11<>"", D11, _xlfn.XLOOKUP(B11, 'PA Items with Category'!A:A, 'PA Items with Category'!B:B, "")) | G11: =IF(B11<>"match", E11*F11, "") -> 0 | H11: =IF(B11="match", E11*F11, "") | I11: =SUM('Budget Sheet'!$G11:'Budget Sheet'!$H11) -> 0
B12: Item Number and Description | C12: =IF(D12<>"", D12, _xlfn.XLOOKUP(B12, 'PA Items with Category'!A:A, 'PA Items with Category'!B:B, "")) | G12: =IF(B12<>"match", E12*F12, "") -> 0 | H12: =IF(B12="match", E12*F12, "") | I12: =SUM('Budget Sheet'!$G12:'Budget Sheet'!$H12) -> 0
B13: Item Number and Description | C13: =IF(D13<>"", D13, _xlfn.XLOOKUP(B13, 'PA Items with Category'!A:A, 'PA Items with Category'!B:B, "")) | G13: =IF(B13<>"match", E13*F13, "") -> 0 | H13: =IF(B13="match", E13*F13, "") | I13: =SUM('Budget Sheet'!$G13:'Budget Sheet'!$H13) -> 0
B14: Other | C14: =IF(D14<>"", D14, _xlfn.XLOOKUP(B14, 'PA Items with Category'!A:A, 'PA Items with Category'!B:B, "")) | G14: =IF(B14<>"match", E14*F14, "") -> 0 | H14: =IF(B14="match", E14*F14, "") | I14: =SUM('Budget Sheet'!$G14:'Budget Sheet'!$H14) -> 0
B15: Other | C15: =IF(D15<>"", D15, _xlfn.XLOOKUP(B15, 'PA Items with Category'!A:A, 'PA Items with Category'!B:B, "")) | G15: =IF(B15<>"match", E15*F15, "") -> 0 | H15: =IF(B15="match", E15*F15, "") | I15: =SUM('Budget Sheet'!$G15:'Budget Sheet'!$H15) -> 0
B16: Mileage | C16: =IF(D16<>"", D16, _xlfn.XLOOKUP(B16, 'PA Items with Category'!A:A, 'PA Items with Category'!B:B, "")) -> TRAVEL | D16: TRAVEL | G16: =IF(B16<>"match", E16*F16, "") -> 0 | H16: =IF(B16="match", E16*F16, "") | I16: =SUM('Budget Sheet'!$G16:'Budget Sheet'!$H16) -> 0
B17: Per Diem | C17: =IF(D17<>"", D17, _xlfn.XLOOKUP(B17, 'PA Items with Category'!A:A, 'PA Items with Category'!B:B, "")) -> TRAVEL | D17: TRAVEL | G17: =IF(B17<>"match", E17*F17, "") -> 0 | H17: =IF(B17="match", E17*F17, "") | I17: =SUM('Budget Sheet'!$G17:'Budget Sheet'!$H17) -> 0
B18: NM Gross Receipts Tax (Location 1) | C18: =IF(D18<>"", D18, _xlfn.XLOOKUP(B18, 'PA Items with Category'!A:A, 'PA Items with Category'!B:B, "")) -> TAX | D18: TAX | G18: ='Budget Sheet'!$F18 -> 0 | H18: =IF(B18="match", E18*F18, "") | I18: =SUM('Budget Sheet'!$G18:'Budget Sheet'!$H18) -> 0
B19: NM Gross Receipts Tax (Location 2) | C19: =IF(D19<>"", D19, _xlfn.XLOOKUP(B19, 'PA Items with Category'!A:A, 'PA Items with Category'!B:B, "")) -> TAX | D19: TAX | G19: ='Budget Sheet'!$F19 -> 0 | H19: =IF(B19="match", E19*F19, "") | I19: =SUM('Budget Sheet'!$G19:'Budget Sheet'!$H19) -> 0
A21: Task 2 | B21: Item Number and Description | C21: =IF(D21<>"", D21, _xlfn.XLOOKUP(B21, 'PA Items with Category'!A:A, 'PA Items with Category'!B:B, "")) | G21: =IF(B21<>"match", E21*F21, "") -> 0 | H21: =IF(B21="match", E21*F21, "") | I21: =SUM('Budget Sheet'!$G21:'Budget Sheet'!$H21) -> 0
B22: Item Number and Description | C22: =IF(D22<>"", D22, _xlfn.XLOOKUP(B22, 'PA Items with Category'!A:A, 'PA Items with Category'!B:B, "")) | G22: =IF(B22<>"match", E22*F22, "") -> 0 | H22: =IF(B22="match", E22*F22, "") | I22: =SUM('Budget Sheet'!$G22:'Budget Sheet'!$H22) -> 0
B23: Item Number and Description | C23: =IF(D23<>"", D23, _xlfn.XLOOKUP(B23, 'PA Items with Category'!A:A, 'PA Items with Category'!B:B, "")) | G23: =IF(B23<>"match", E23*F23, "") -> 0 | H23: =IF(B23="match", E23*F23, "") | I23: =SUM('Budget Sheet'!$G23:'Budget Sheet'!$H23) -> 0
B24: Item Number and Description | C24: =IF(D24<>"", D24, _xlfn.XLOOKUP(B24, 'PA Items with Category'!A:A, 'PA Items with Category'!B:B, "")) | G24: =IF(B24<>"match", E24*F24, "") -> 0 | H24: =IF(B24="match", E24*F24, "") | I24: =SUM('Budget Sheet'!$G24:'Budget Sheet'!$H24) -> 0
B25: Item Number and Description | C25: =IF(D25<>"", D25, _xlfn.XLOOKUP(B25, 'PA Items with Category'!A:A, 'PA Items with Category'!B:B, "")) | G25: =IF(B25<>"match", E25*F25, "") -> 0 | H25: =IF(B25="match", E25*F25, "") | I25: =SUM('Budget Sheet'!$G25:'Budget Sheet'!$H25) -> 0
B26: Item Number and Description | C26: =IF(D26<>"", D26, _xlfn.XLOOKUP(B26, 'PA Items with Category'!A:A, 'PA Items with Category'!B:B, "")) | G26: =IF(B26<>"match", E26*F26, "") -> 0 | H26: =IF(B26="match", E26*F26, "") | I26: =SUM('Budget Sheet'!$G26:'Budget Sheet'!$H26) -> 0
B27: Item Number and Description | C27: =IF(D27<>"", D27, _xlfn.XLOOKUP(B27, 'PA Items with Category'!A:A, 'PA Items with Category'!B:B, "")) | G27: =IF(B27<>"match", E27*F27, "") -> 0 | H27: =IF(B27="match", E27*F27, "") | I27: =SUM('Budget Sheet'!$G27:'Budget Sheet'!$H27) -> 0
B28: Item Number and Description | C28: =IF(D28<>"", D28, _xlfn.XLOOKUP(B28, 'PA Items with Category'!A:A, 'PA Items with Category'!B:B, "")) | G28: =IF(B28<>"match", E28*F28, "") -> 0 | H28: =IF(B28="match", E28*F28, "") | I28: =SUM('Budget Sheet'!$G28:'Budget Sheet'!$H28) -> 0
B29: Other | C29: =IF(D29<>"", D29, _xlfn.XLOOKUP(B29, 'PA Items with Category'!A:A, 'PA Items with Category'!B:B, "")) | G29: =IF(B29<>"match", E29*F29, "") -> 0 | H29: =IF(B29="match", E29*F29, "") | I29: =SUM('Budget Sheet'!$G29:'Budget Sheet'!$H29) -> 0
B30: Other | C30: =IF(D30<>"", D30, _xlfn.XLOOKUP(B30, 'PA Items with Category'!A:A, 'PA Items with Category'!B:B, "")) | G30: =IF(B30<>"match", E30*F30, "") -> 0 | H30: =IF(B30="match", E30*F30, "") | I30: =SUM('Budget Sheet'!$G30:'Budget Sheet'!$H30) -> 0
B31: Mileage | C31: =IF(D31<>"", D31, _xlfn.XLOOKUP(B31, 'PA Items with Category'!A:A, 'PA Items with Category'!B:B, "")) -> TRAVEL | D31: TRAVEL | G31: =IF(B31<>"match", E31*F31, "") -> 0 | H31: =IF(B31="match", E31*F31, "") | I31: =SUM('Budget Sheet'!$G31:'Budget Sheet'!$H31) -> 0
B32: Per Diem | C32: =IF(D32<>"", D32, _xlfn.XLOOKUP(B32, 'PA Items with Category'!A:A, 'PA Items with Category'!B:B, "")) -> TRAVEL | D32: TRAVEL | G32: =IF(B32<>"match", E32*F32, "") -> 0 | H32: =IF(B32="match", E32*F32, "") | I32: =SUM('Budget Sheet'!$G32:'Budget Sheet'!$H32) -> 0
B33: NM Gross Receipts Tax (Location 1) | C33: =IF(D33<>"", D33, _xlfn.XLOOKUP(B33, 'PA Items with Category'!A:A, 'PA Items with Category'!B:B, "")) -> TAX | D33: TAX | G33: ='Budget Sheet'!$F33 -> 0 | H33: =IF(B33="match", E33*F33, "") | I33: =SUM('Budget Sheet'!$G33:'Budget Sheet'!$H33) -> 0
B34: NM Gross Receipts Tax (Location 2) | C34: =IF(D34<>"", D34, _xlfn.XLOOKUP(B34, 'PA Items with Category'!A:A, 'PA Items with Category'!B:B, "")) -> TAX | D34: TAX | G34: ='Budget Sheet'!$F34 -> 0 | H34: =IF(B34="match", E34*F34, "") | I34: =SUM('Budget Sheet'!$G34:'Budget Sheet'!$H34) -> 0
A36: Task 3 | B36: Item Number and Description | C36: =IF(D36<>"", D36, _xlfn.XLOOKUP(B36, 'PA Items with Category'!A:A, 'PA Items with Category'!B:B, "")) | G36: =IF(B36<>"match", E36*F36, "") -> 0 | H36: =IF(B36="match", E36*F36, "") | I36: =SUM('Budget Sheet'!$G36:'Budget Sheet'!$H36) -> 0
B37: Item Number and Description | C37: =IF(D37<>"", D37, _xlfn.XLOOKUP(B37, 'PA Items with Category'!A:A, 'PA Items with Category'!B:B, "")) | G37: =IF(B37<>"match", E37*F37, "") -> 0 | H37: =IF(B37="match", E37*F37, "") | I37: =SUM('Budget Sheet'!$G37:'Budget Sheet'!$H37) -> 0
B38: Item Number and Description | C38: =IF(D38<>"", D38, _xlfn.XLOOKUP(B38, 'PA Items with Category'!A:A, 'PA Items with Category'!B:B, "")) | G38: =IF(B38<>"match", E38*F38, "") -> 0 | H38: =IF(B38="match", E38*F38, "") | I38: =SUM('Budget Sheet'!$G38:'Budget Sheet'!$H38) -> 0
B39: Item Number and Description | C39: =IF(D39<>"", D39, _xlfn.XLOOKUP(B39, 'PA Items with Category'!A:A, 'PA Items with Category'!B:B, "")) | G39: =IF(B39<>"match", E39*F39, "") -> 0 | H39: =IF(B39="match", E39*F39, "") | I39: =SUM('Budget Sheet'!$G39:'Budget Sheet'!$H39) -> 0
B40: Item Number and Description | C40: =IF(D40<>"", D40, _xlfn.XLOOKUP(B40, 'PA Items with Category'!A:A, 'PA Items with Category'!B:B, "")) | G40: =IF(B40<>"match", E40*F40, "") -> 0 | H40: =IF(B40="match", E40*F40, "") | I40: =SUM('Budget Sheet'!$G40:'Budget Sheet'!$H40) -> 0
B41: Item Number and Description | C41: =IF(D41<>"", D41, _xlfn.XLOOKUP(B41, 'PA Items with Category'!A:A, 'PA Items with Category'!B:B, "")) | G41: =IF(B41<>"match", E41*F41, "") -> 0 | H41: =IF(B41="match", E41*F41, "") | I41: =SUM('Budget Sheet'!$G41:'Budget Sheet'!$H41) -> 0
B42: Item Number and Description | C42: =IF(D42<>"", D42, _xlfn.XLOOKUP(B42, 'PA Items with Category'!A:A, 'PA Items with Category'!B:B, "")) | G42: =IF(B42<>"match", E42*F42, "") -> 0 | H42: =IF(B42="match", E42*F42, "") | I42: =SUM('Budget Sheet'!$G42:'Budget Sheet'!$H42) -> 0
B43: Item Number and Description | C43: =IF(D43<>"", D43, _xlfn.XLOOKUP(B43, 'PA Items with Category'!A:A, 'PA Items with Category'!B:B, "")) | G43: =IF(B43<>"match", E43*F43, "") -> 0 | H43: =IF(B43="match", E43*F43, "") | I43: =SUM('Budget Sheet'!$G43:'Budget Sheet'!$H43) -> 0
B44: Other | C44: =IF(D44<>"", D44, _xlfn.XLOOKUP(B44, 'PA Items with Category'!A:A, 'PA Items with Category'!B:B, "")) | G44: =IF(B44<>"match", E44*F44, "") -> 0 | H44: =IF(B44="match", E44*F44, "") | I44: =SUM('Budget Sheet'!$G44:'Budget Sheet'!$H44) -> 0
B45: Other | C45: =IF(D45<>"", D45, _xlfn.XLOOKUP(B45, 'PA Items with Category'!A:A, 'PA Items with Category'!B:B, "")) | G45: =IF(B45<>"match", E45*F45, "") -> 0 | H45: =IF(B45="match", E45*F45, "") | I45: =SUM('Budget Sheet'!$G45:'Budget Sheet'!$H45) -> 0
B46: Mileage | C46: =IF(D46<>"", D46, _xlfn.XLOOKUP(B46, 'PA Items with Category'!A:A, 'PA Items with Category'!B:B, "")) -> TRAVEL | D46: TRAVEL | G46: =IF(B46<>"match", E46*F46, "") -> 0 | H46: =IF(B46="match", E46*F46, "") | I46: =SUM('Budget Sheet'!$G46:'Budget Sheet'!$H46) -> 0
B47: Per Diem | C47: =IF(D47<>"", D47, _xlfn.XLOOKUP(B47, 'PA Items with Category'!A:A, 'PA Items with Category'!B:B, "")) -> TRAVEL | D47: TRAVEL | G47: =IF(B47<>"match", E47*F47, "") -> 0 | H47: =IF(B47="match", E47*F47, "") | I47: =SUM('Budget Sheet'!$G47:'Budget Sheet'!$H47) -> 0
B48: NM Gross Receipts Tax (Location 1) | C48: =IF(D48<>"", D48, _xlfn.XLOOKUP(B48, 'PA Items with Category'!A:A, 'PA Items with Category'!B:B, "")) -> TAX | D48: TAX | G48: ='Budget Sheet'!$F48 -> 0 | H48: =IF(B48="match", E48*F48, "") | I48: =SUM('Budget Sheet'!$G48:'Budget Sheet'!$H48) -> 0
B49: NM Gross Receipts Tax (Location 2) | C49: =IF(D49<>"", D49, _xlfn.XLOOKUP(B49, 'PA Items with Category'!A:A, 'PA Items with Category'!B:B, "")) -> TAX | D49: TAX | G49: ='Budget Sheet'!$F49 -> 0 | H49: =IF(B49="match", E49*F49, "") | I49: =SUM('Budget Sheet'!$G49:'Budget Sheet'!$H49) -> 0
A51: Task 4 | B51: Item Number and Description | C51: =IF(D51<>"", D51, _xlfn.XLOOKUP(B51, 'PA Items with Category'!A:A, 'PA Items with Category'!B:B, "")) | G51: =IF(B51<>"match", E51*F51, "") -> 0 | H51: =IF(B51="match", E51*F51, "") | I51: =SUM('Budget Sheet'!$G51:'Budget Sheet'!$H51) -> 0
B52: Item Number and Description | C52: =IF(D52<>"", D52, _xlfn.XLOOKUP(B52, 'PA Items with Category'!A:A, 'PA Items with Category'!B:B, "")) | G52: =IF(B52<>"match", E52*F52, "") -> 0 | H52: =IF(B52="match", E52*F52, "") | I52: =SUM('Budget Sheet'!$G52:'Budget Sheet'!$H52) -> 0
B53: Item Number and Description | C53: =IF(D53<>"", D53, _xlfn.XLOOKUP(B53, 'PA Items with Category'!A:A, 'PA Items with Category'!B:B, "")) | G53: =IF(B53<>"match", E53*F53, "") -> 0 | H53: =IF(B53="match", E53*F53, "") | I53: =SUM('Budget Sheet'!$G53:'Budget Sheet'!$H53) -> 0
B54: Item Number and Description | C54: =IF(D54<>"", D54, _xlfn.XLOOKUP(B54, 'PA Items with Category'!A:A, 'PA Items with Category'!B:B, "")) | G54: =IF(B54<>"match", E54*F54, "") -> 0 | H54: =IF(B54="match", E54*F54, "") | I54: =SUM('Budget Sheet'!$G54:'Budget Sheet'!$H54) -> 0
B55: Item Number and Description | C55: =IF(D55<>"", D55, _xlfn.XLOOKUP(B55, 'PA Items with Category'!A:A, 'PA Items with Category'!B:B, "")) | G55: =IF(B55<>"match", E55*F55, "") -> 0 | H55: =IF(B55="match", E55*F55, "") | I55: =SUM('Budget Sheet'!$G55:'Budget Sheet'!$H55) -> 0
B56: Item Number and Description | C56: =IF(D56<>"", D56, _xlfn.XLOOKUP(B56, 'PA Items with Category'!A:A, 'PA Items with Category'!B:B, "")) | G56: =IF(B56<>"match", E56*F56, "") -> 0 | H56: =IF(B56="match", E56*F56, "") | I56: =SUM('Budget Sheet'!$G56:'Budget Sheet'!$H56) -> 0
B57: Item Number and Description | C57: =IF(D57<>"", D57, _xlfn.XLOOKUP(B57, 'PA Items with Category'!A:A, 'PA Items with Category'!B:B, "")) | G57: =IF(B57<>"match", E57*F57, "") -> 0 | H57: =IF(B57="match", E57*F57, "") | I57: =SUM('Budget Sheet'!$G57:'Budget Sheet'!$H57) -> 0
B58: Item Number and Description | C58: =IF(D58<>"", D58, _xlfn.XLOOKUP(B58, 'PA Items with Category'!A:A, 'PA Items with Category'!B:B, "")) | G58: =IF(B58<>"match", E58*F58, "") -> 0 | H58: =IF(B58="match", E58*F58, "") | I58: =SUM('Budget Sheet'!$G58:'Budget Sheet'!$H58) -> 0
B59: Other | C59: =IF(D59<>"", D59, _xlfn.XLOOKUP(B59, 'PA Items with Category'!A:A, 'PA Items with Category'!B:B, "")) | G59: =IF(B59<>"match", E59*F59, "") -> 0 | H59: =IF(B59="match", E59*F59, "") | I59: =SUM('Budget Sheet'!$G59:'Budget Sheet'!$H59) -> 0
B60: Other | C60: =IF(D60<>"", D60, _xlfn.XLOOKUP(B60, 'PA Items with Category'!A:A, 'PA Items with Category'!B:B, "")) | G60: =IF(B60<>"match", E60*F60, "") -> 0 | H60: =IF(B60="match", E60*F60, "") | I60: =SUM('Budget Sheet'!$G60:'Budget Sheet'!$H60) -> 0
B61: Mileage | C61: =IF(D61<>"", D61, _xlfn.XLOOKUP(B61, 'PA Items with Category'!A:A, 'PA Items with Category'!B:B, "")) -> TRAVEL | D61: TRAVEL | G61: =IF(B61<>"match", E61*F61, "") -> 0 | H61: =IF(B61="match", E61*F61, "") | I61: =SUM('Budget Sheet'!$G61:'Budget Sheet'!$H61) -> 0
B62: Per Diem | C62: =IF(D62<>"", D62, _xlfn.XLOOKUP(B62, 'PA Items with Category'!A:A, 'PA Items with Category'!B:B, "")) -> TRAVEL | D62: TRAVEL | G62: =IF(B62<>"match", E62*F62, "") -> 0 | H62: =IF(B62="match", E62*F62, "") | I62: =SUM('Budget Sheet'!$G62:'Budget Sheet'!$H62) -> 0
B63: NM Gross Receipts Tax (Location 1) | C63: =IF(D63<>"", D63, _xlfn.XLOOKUP(B63, 'PA Items with Category'!A:A, 'PA Items with Category'!B:B, "")) -> TAX | D63: TAX | G63: ='Budget Sheet'!$F63 -> 0 | H63: =IF(B63="match", E63*F63, "") | I63: =SUM('Budget Sheet'!$G63:'Budget Sheet'!$H63) -> 0
B64: NM Gross Receipts Tax (Location 2) | C64: =IF(D64<>"", D64, _xlfn.XLOOKUP(B64, 'PA Items with Category'!A:A, 'PA Items with Category'!B:B, "")) -> TAX | D64: TAX | G64: ='Budget Sheet'!$F64 -> 0 | H64: =IF(B64="match", E64*F64, "") | I64: =SUM('Budget Sheet'!$G64:'Budget Sheet'!$H64) -> 0
A66: Task 5 | B66: Item Number and Description | C66: =IF(D66<>"", D66, _xlfn.XLOOKUP(B66, 'PA Items with Category'!A:A, 'PA Items with Category'!B:B, "")) | G66: =IF(B66<>"match", E66*F66, "") -> 0 | H66: =IF(B66="match", E66*F66, "") | I66: =SUM('Budget Sheet'!$G66:'Budget Sheet'!$H66) -> 0
B67: Item Number and Description | C67: =IF(D67<>"", D67, _xlfn.XLOOKUP(B67, 'PA Items with Category'!A:A, 'PA Items with Category'!B:B, "")) | G67: =IF(B67<>"match", E67*F67, "") -> 0 | H67: =IF(B67="match", E67*F67, "") | I67: =SUM('Budget Sheet'!$G67:'Budget Sheet'!$H67) -> 0
B68: Item Number and Description | C68: =IF(D68<>"", D68, _xlfn.XLOOKUP(B68, 'PA Items with Category'!A:A, 'PA Items with Category'!B:B, "")) | G68: =IF(B68<>"match", E68*F68, "") -> 0 | H68: =IF(B68="match", E68*F68, "") | I68: =SUM('Budget Sheet'!$G68:'Budget Sheet'!$H68) -> 0
B69: Item Number and Description | C69: =IF(D69<>"", D69, _xlfn.XLOOKUP(B69, 'PA Items with Category'!A:A, 'PA Items with Category'!B:B, "")) | G69: =IF(B69<>"match", E69*F69, "") -> 0 | H69: =IF(B69="match", E69*F69, "") | I69: =SUM('Budget Sheet'!$G69:'Budget Sheet'!$H69) -> 0
B70: Item Number and Description | C70: =IF(D70<>"", D70, _xlfn.XLOOKUP(B70, 'PA Items with Category'!A:A, 'PA Items with Category'!B:B, "")) | G70: =IF(B70<>"match", E70*F70, "") -> 0 | H70: =IF(B70="match", E70*F70, "") | I70: =SUM('Budget Sheet'!$G70:'Budget Sheet'!$H70) -> 0
B71: Item Number and Description | C71: =IF(D71<>"", D71, _xlfn.XLOOKUP(B71, 'PA Items with Category'!A:A, 'PA Items with Category'!B:B, "")) | G71: =IF(B71<>"match", E71*F71, "") -> 0 | H71: =IF(B71="match", E71*F71, "") | I71: =SUM('Budget Sheet'!$G71:'Budget Sheet'!$H71) -> 0
B72: Item Number and Description | C72: =IF(D72<>"", D72, _xlfn.XLOOKUP(B72, 'PA Items with Category'!A:A, 'PA Items with Category'!B:B, "")) | G72: =IF(B72<>"match", E72*F72, "") -> 0 | H72: =IF(B72="match", E72*F72, "") | I72: =SUM('Budget Sheet'!$G72:'Budget Sheet'!$H72) -> 0
B73: Item Number and Description | C73: =IF(D73<>"", D73, _xlfn.XLOOKUP(B73, 'PA Items with Category'!A:A, 'PA Items with Category'!B:B, "")) | G73: =IF(B73<>"match", E73*F73, "") -> 0 | H73: =IF(B73="match", E73*F73, "") | I73: =SUM('Budget Sheet'!$G73:'Budget Sheet'!$H73) -> 0
B74: Other | C74: =IF(D74<>"", D74, _xlfn.XLOOKUP(B74, 'PA Items with Category'!A:A, 'PA Items with Category'!B:B, "")) | G74: =IF(B74<>"match", E74*F74, "") -> 0 | H74: =IF(B74="match", E74*F74, "") | I74: =SUM('Budget Sheet'!$G74:'Budget Sheet'!$H74) -> 0
B75: Other | C75: =IF(D75<>"", D75, _xlfn.XLOOKUP(B75, 'PA Items with Category'!A:A, 'PA Items with Category'!B:B, "")) | G75: =IF(B75<>"match", E75*F75, "") -> 0 | H75: =IF(B75="match", E75*F75, "") | I75: =SUM('Budget Sheet'!$G75:'Budget Sheet'!$H75) -> 0
B76: Mileage | C76: =IF(D76<>"", D76, _xlfn.XLOOKUP(B76, 'PA Items with Category'!A:A, 'PA Items with Category'!B:B, "")) -> TRAVEL | D76: TRAVEL | G76: =IF(B76<>"match", E76*F76, "") -> 0 | H76: =IF(B76="match", E76*F76, "") | I76: =SUM('Budget Sheet'!$G76:'Budget Sheet'!$H76) -> 0
B77: Per Diem | C77: =IF(D77<>"", D77, _xlfn.XLOOKUP(B77, 'PA Items with Category'!A:A, 'PA Items with Category'!B:B, "")) -> TRAVEL | D77: TRAVEL | G77: =IF(B77<>"match", E77*F77, "") -> 0 | H77: =IF(B77="match", E77*F77, "") | I77: =SUM('Budget Sheet'!$G77:'Budget Sheet'!$H77) -> 0
B78: NM Gross Receipts Tax (Location 1) | C78: =IF(D78<>"", D78, _xlfn.XLOOKUP(B78, 'PA Items with Category'!A:A, 'PA Items with Category'!B:B, "")) -> TAX | D78: TAX | G78: ='Budget Sheet'!$F78 -> 0 | H78: =IF(B78="match", E78*F78, "") | I78: =SUM('Budget Sheet'!$G78:'Budget Sheet'!$H78) -> 0
B79: NM Gross Receipts Tax (Location 2) | C79: =IF(D79<>"", D79, _xlfn.XLOOKUP(B79, 'PA Items with Category'!A:A, 'PA Items with Category'!B:B, "")) -> TAX | D79: TAX | G79: ='Budget Sheet'!$F79 -> 0 | H79: =IF(B79="match", E79*F79, "") | I79: =SUM('Budget Sheet'!$G79:'Budget Sheet'!$H79) -> 0
A81: Task 6 | B81: Item Number and Description | C81: =IF(D81<>"", D81, _xlfn.XLOOKUP(B81, 'PA Items with Category'!A:A, 'PA Items with Category'!B:B, "")) | G81: =IF(B81<>"match", E81*F81, "") -> 0 | H81: =IF(B81="match", E81*F81, "") | I81: =SUM('Budget Sheet'!$G81:'Budget Sheet'!$H81) -> 0
B82: Item Number and Description | C82: =IF(D82<>"", D82, _xlfn.XLOOKUP(B82, 'PA Items with Category'!A:A, 'PA Items with Category'!B:B, "")) | G82: =IF(B82<>"match", E82*F82, "") -> 0 | H82: =IF(B82="match", E82*F82, "") | I82: =SUM('Budget Sheet'!$G82:'Budget Sheet'!$H82) -> 0
B83: Item Number and Description | C83: =IF(D83<>"", D83, _xlfn.XLOOKUP(B83, 'PA Items with Category'!A:A, 'PA Items with Category'!B:B, "")) | G83: =IF(B83<>"match", E83*F83, "") -> 0 | H83: =IF(B83="match", E83*F83, "") | I83: =SUM('Budget Sheet'!$G83:'Budget Sheet'!$H83) -> 0
B84: Item Number and Description | C84: =IF(D84<>"", D84, _xlfn.XLOOKUP(B84, 'PA Items with Category'!A:A, 'PA Items with Category'!B:B, "")) | G84: =IF(B84<>"match", E84*F84, "") -> 0 | H84: =IF(B84="match", E84*F84, "") | I84: =SUM('Budget Sheet'!$G84:'Budget Sheet'!$H84) -> 0
B85: Item Number and Description | C85: =IF(D85<>"", D85, _xlfn.XLOOKUP(B85, 'PA Items with Category'!A:A, 'PA Items with Category'!B:B, "")) | G85: =IF(B85<>"match", E85*F85, "") -> 0 | H85: =IF(B85="match", E85*F85, "") | I85: =SUM('Budget Sheet'!$G85:'Budget Sheet'!$H85) -> 0
B86: Item Number and Description | C86: =IF(D86<>"", D86, _xlfn.XLOOKUP(B86, 'PA Items with Category'!A:A, 'PA Items with Category'!B:B, "")) | G86: =IF(B86<>"match", E86*F86, "") -> 0 | H86: =IF(B86="match", E86*F86, "") | I86: =SUM('Budget Sheet'!$G86:'Budget Sheet'!$H86) -> 0
B87: Item Number and Description | C87: =IF(D87<>"", D87, _xlfn.XLOOKUP(B87, 'PA Items with Category'!A:A, 'PA Items with Category'!B:B, "")) | G87: =IF(B87<>"match", E87*F87, "") -> 0 | H87: =IF(B87="match", E87*F87, "") | I87: =SUM('Budget Sheet'!$G87:'Budget Sheet'!$H87) -> 0
B88: Item Number and Description | C88: =IF(D88<>"", D88, _xlfn.XLOOKUP(B88, 'PA Items with Category'!A:A, 'PA Items with Category'!B:B, "")) | G88: =IF(B88<>"match", E88*F88, "") -> 0 | H88: =IF(B88="match", E88*F88, "") | I88: =SUM('Budget Sheet'!$G88:'Budget Sheet'!$H88) -> 0
B89: Other | C89: =IF(D89<>"", D89, _xlfn.XLOOKUP(B89, 'PA Items with Category'!A:A, 'PA Items with Category'!B:B, "")) | G89: =IF(B89<>"match", E89*F89, "") -> 0 | H89: =IF(B89="match", E89*F89, "") | I89: =SUM('Budget Sheet'!$G89:'Budget Sheet'!$H89) -> 0
B90: Other | C90: =IF(D90<>"", D90, _xlfn.XLOOKUP(B90, 'PA Items with Category'!A:A, 'PA Items with Category'!B:B, "")) | G90: =IF(B90<>"match", E90*F90, "") -> 0 | H90: =IF(B90="match", E90*F90, "") | I90: =SUM('Budget Sheet'!$G90:'Budget Sheet'!$H90) -> 0
B91: Mileage | C91: =IF(D91<>"", D91, _xlfn.XLOOKUP(B91, 'PA Items with Category'!A:A, 'PA Items with Category'!B:B, "")) -> TRAVEL | D91: TRAVEL | G91: =IF(B91<>"match", E91*F91, "") -> 0 | H91: =IF(B91="match", E91*F91, "") | I91: =SUM('Budget Sheet'!$G91:'Budget Sheet'!$H91) -> 0
B92: Per Diem | C92: =IF(D92<>"", D92, _xlfn.XLOOKUP(B92, 'PA Items with Category'!A:A, 'PA Items with Category'!B:B, "")) -> TRAVEL | D92: TRAVEL | G92: =IF(B92<>"match", E92*F92, "") -> 0 | H92: =IF(B92="match", E92*F92, "") | I92: =SUM('Budget Sheet'!$G92:'Budget Sheet'!$H92) -> 0
B93: NM Gross Receipts Tax (Location 1) | C93: =IF(D93<>"", D93, _xlfn.XLOOKUP(B93, 'PA Items with Category'!A:A, 'PA Items with Category'!B:B, "")) -> TAX | D93: TAX | G93: ='Budget Sheet'!$F93 -> 0 | H93: =IF(B93="match", E93*F93, "") | I93: =SUM('Budget Sheet'!$G93:'Budget Sheet'!$H93) -> 0
B94: NM Gross Receipts Tax (Location 2) | C94: =IF(D94<>"", D94, _xlfn.XLOOKUP(B94, 'PA Items with Category'!A:A, 'PA Items with Category'!B:B, "")) -> TAX | D94: TAX | G94: ='Budget Sheet'!$F94 -> 0 | H94: =IF(B94="match", E94*F94, "") | I94: =SUM('Budget Sheet'!$G94:'Budget Sheet'!$H94) -> 0
A96: Task 7 | B96: Item Number and Description | C96: =IF(D96<>"", D96, _xlfn.XLOOKUP(B96, 'PA Items with Category'!A:A, 'PA Items with Category'!B:B, "")) | G96: =IF(B96<>"match", E96*F96, "") -> 0 | H96: =IF(B96="match", E96*F96, "") | I96: =SUM('Budget Sheet'!$G96:'Budget Sheet'!$H96) -> 0
B97: Item Number and Description | C97: =IF(D97<>"", D97, _xlfn.XLOOKUP(B97, 'PA Items with Category'!A:A, 'PA Items with Category'!B:B, "")) | G97: =IF(B97<>"match", E97*F97, "") -> 0 | H97: =IF(B97="match", E97*F97, "") | I97: =SUM('Budget Sheet'!$G97:'Budget Sheet'!$H97) -> 0
B98: Item Number and Description | C98: =IF(D98<>"", D98, _xlfn.XLOOKUP(B98, 'PA Items with Category'!A:A, 'PA Items with Category'!B:B, "")) | G98: =IF(B98<>"match", E98*F98, "") -> 0 | H98: =IF(B98="match", E98*F98, "") | I98: =SUM('Budget Sheet'!$G98:'Budget Sheet'!$H98) -> 0
B99: Item Number and Description | C99: =IF(D99<>"", D99, _xlfn.XLOOKUP(B99, 'PA Items with Category'!A:A, 'PA Items with Category'!B:B, "")) | G99: =IF(B99<>"match", E99*F99, "") -> 0 | H99: =IF(B99="match", E99*F99, "") | I99: =SUM('Budget Sheet'!$G99:'Budget Sheet'!$H99) -> 0
B100: Item Number and Description | C100: =IF(D100<>"", D100, _xlfn.XLOOKUP(B100, 'PA Items with Category'!A:A, 'PA Items with Category'!B:B, "")) | G100: =IF(B100<>"match", E100*F100, "") -> 0 | H100: =IF(B100="match", E100*F100, "") | I100: =SUM('Budget Sheet'!$G100:'Budget Sheet'!$H100) -> 0
B101: Item Number and Description | C101: =IF(D101<>"", D101, _xlfn.XLOOKUP(B101, 'PA Items with Category'!A:A, 'PA Items with Category'!B:B, "")) | G101: =IF(B101<>"match", E101*F101, "") -> 0 | H101: =IF(B101="match", E101*F101, "") | I101: =SUM('Budget Sheet'!$G101:'Budget Sheet'!$H101) -> 0
B102: Item Number and Description | C102: =IF(D102<>"", D102, _xlfn.XLOOKUP(B102, 'PA Items with Category'!A:A, 'PA Items with Category'!B:B, "")) | G102: =IF(B102<>"match", E102*F102, "") -> 0 | H102: =IF(B102="match", E102*F102, "") | I102: =SUM('Budget Sheet'!$G102:'Budget Sheet'!$H102) -> 0
B103: Item Number and Description | C103: =IF(D103<>"", D103, _xlfn.XLOOKUP(B103, 'PA Items with Category'!A:A, 'PA Items with Category'!B:B, "")) | G103: =IF(B103<>"match", E103*F103, "") -> 0 | H103: =IF(B103="match", E103*F103, "") | I103: =SUM('Budget Sheet'!$G103:'Budget Sheet'!$H103) -> 0
B104: Other | C104: =IF(D104<>"", D104, _xlfn.XLOOKUP(B104, 'PA Items with Category'!A:A, 'PA Items with Category'!B:B, "")) | G104: =IF(B104<>"match", E104*F104, "") -> 0 | H104: =IF(B104="match", E104*F104, "") | I104: =SUM('Budget Sheet'!$G104:'Budget Sheet'!$H104) -> 0
B105: Other | C105: =IF(D105<>"", D105, _xlfn.XLOOKUP(B105, 'PA Items with Category'!A:A, 'PA Items with Category'!B:B, "")) | G105: =IF(B105<>"match", E105*F105, "") -> 0 | H105: =IF(B105="match", E105*F105, "") | I105: =SUM('Budget Sheet'!$G105:'Budget Sheet'!$H105) -> 0
B106: Mileage | C106: =IF(D106<>"", D106, _xlfn.XLOOKUP(B106, 'PA Items with Category'!A:A, 'PA Items with Category'!B:B, "")) -> TRAVEL | D106: TRAVEL | G106: =IF(B106<>"match", E106*F106, "") -> 0 | H106: =IF(B106="match", E106*F106, "") | I106: =SUM('Budget Sheet'!$G106:'Budget Sheet'!$H106) -> 0
B107: Per Diem | C107: =IF(D107<>"", D107, _xlfn.XLOOKUP(B107, 'PA Items with Category'!A:A, 'PA Items with Category'!B:B, "")) -> TRAVEL | D107: TRAVEL | G107: =IF(B107<>"match", E107*F107, "") -> 0 | H107: =IF(B107="match", E107*F107, "") | I107: =SUM('Budget Sheet'!$G107:'Budget Sheet'!$H107) -> 0
B108: NM Gross Receipts Tax (Location 1) | C108: =IF(D108<>"", D108, _xlfn.XLOOKUP(B108, 'PA Items with Category'!A:A, 'PA Items with Category'!B:B, "")) -> TAX | D108: TAX | G108: ='Budget Sheet'!$F108 -> 0 | H108: =IF(B108="match", E108*F108, "") | I108: =SUM('Budget Sheet'!$G108:'Budget Sheet'!$H108) -> 0
B109: NM Gross Receipts Tax (Location 2) | C109: =IF(D109<>"", D109, _xlfn.XLOOKUP(B109, 'PA Items with Category'!A:A, 'PA Items with Category'!B:B, "")) -> TAX | D109: TAX | G109: ='Budget Sheet'!$F109 -> 0 | H109: =IF(B109="match", E109*F109, "") | I109: =SUM('Budget Sheet'!$G109:'Budget Sheet'!$H109) -> 0
...

Sheet Cost Summary by Category
A1: Category | B1: Requested Fund from NMED | C1: Cooperator's Cash or In-Kind Match | D1: Total Project Amount
A2: Personnel | B2: =SUMIF('Budget Sheet'!C:C, "PERSONNEL", 'Budget Sheet'!G:G) -> 0 | C2: =SUMIF('Budget Sheet'!C:C, "PERSONNEL", 'Budget Sheet'!H:H) -> 0 | D2: =SUM(B2:C2) -> 0
A3: Travel | B3: =SUMIF('Budget Sheet'!C:C, "TRAVEL", 'Budget Sheet'!G:G) -> 0 | C3: =SUMIF('Budget Sheet'!C:C, "TRAVEL", 'Budget Sheet'!H:H) -> 0 | D3: =SUM(B3:C3) -> 0
A4: Equipment | B4: =SUMIF('Budget Sheet'!C:C, "EQUIPMENT", 'Budget Sheet'!G:G) -> 0 | C4: =SUMIF('Budget Sheet'!C:C, "EQUIPMENT", 'Budget Sheet'!H:H) -> 0 | D4: =SUM(B4:C4) -> 0
A5: Supplies | B5: =SUMIF('Budget Sheet'!C:C, "SUPPLIES", 'Budget Sheet'!G:G) -> 0 | C5: =SUMIF('Budget Sheet'!C:C, "SUPPLIES", 'Budget Sheet'!H:H) -> 0 | D5: =SUM(B5:C5) -> 0
A6: Contractual | B6: =SUMIF('Budget Sheet'!C:C, "SUB CONTRACTUAL", 'Budget Sheet'!G:G) -> 0 | C6: =SUMIF('Budget Sheet'!C:C, "SUB CONTRACTUAL", 'Budget Sheet'!H:H) -> 0 | D6: =SUM(B6:C6) -> 0
A7: Other | B7: =SUMIF('Budget Sheet'!C:C, "OTHER", 'Budget Sheet'!G:G) -> 0 | C7: =SUMIF('Budget Sheet'!C:C, "OTHER", 'Budget Sheet'!H:H) -> 0 | D7: =SUM(B7:C7) -> 0
A8: Gross Receipts Tax | B8: =SUMIF('Budget Sheet'!C:C, "TAX", 'Budget Sheet'!G:G) -> 0 | C8: =SUMIF('Budget Sheet'!C:C, "TAX", 'Budget Sheet'!H:H) -> 0 | D8: =SUM(B8:C8) -> 0
A9: Total Project | B9: =SUM(B2:B8) -> 0 | C9: =SUM(C2:C8) -> 0 | D9: =SUM(B9:C9) -> 0
A12: No Manual Entry Required

Sheet Rate Schedules
A1: Resource Name | B1: Sub Contractor Y/N | C1: Position Title | D1: Hourly Rate | E1: Personnel Match Amount
A18: Manual Entry Required

Sheet PA Items with Category
A1: DO NOT MODIFY
A2: Item Number and Description
A3: Match
A4: 1. Mechanical Cutting of Trees/Shrubs, Average Slope less than 35% (e.g., feller buncher), cost per acre | B4: EQUIPMENT
A5: 2. Mechanical Cutting of Trees/Shrubs, Average Slope greater than 35%, cost per acre | B5: EQUIPMENT
A6: 3. Mechanical Mastication, Average Slope less than 35% (e.g., masticator), cost per acre | B6: EQUIPMENT
A7: 4. Mechanical Mastication, Average Slope greater than 35%, cost per acre | B7: EQUIPMENT
A8: 5. Mechanical Skidding, Average Slope less than 35%, cost per acre | B8: EQUIPMENT
A9: 6. Mechanical Skidding, Average Slope greater than 35%, cost per acre | B9: EQUIPMENT
A10: 7. Mechanical Extraction of Trees/Shrubs with Rootwads, Average Slope less than 35%, cost per hour | B10: EQUIPMENT
A11: 8. Mechanical Extraction of Trees/Shrubs with Rootwads, Average Slope greater than 35%, cost per hour | B11: EQUIPMENT
A12: 9. Mechanical Transportation of Materials Using a Dump Truck (e.g., rocks, boulders, trees, plants, containers, logs, etc.), cost per mile | B12: TRAVEL
A13: 10. Mechanical Transportation of Materials Using a Pickup Truck (with or without trailer), cost per mile | B13: TRAVEL
A14: 11. Mechanical Transportation of Materials Using a Truck and Trailer, cost per mile | B14: TRAVEL
A15: 12. Mechanical Collection of Plant Materials for Revegetation (e.g., whips and poles sourcing), cost per hour | B15: EQUIPMENT
... A73: 70. New Mexico Wetlands Rapid Assessment Method Data Collection, cost per hour | B73: PERSONNEL
